 Dungeon Crawl Stone Soup version 0.28.0-45-g0d030f2227 (webtiles) character file.

Game seed: 15010395951009241336

33 GigaChad the Skirmisher (level 3, -1/31 HPs)
             Began as a Palentonga Fighter on Apr 19, 2022.
             Was a Believer of Lugonu.
             Succumbed to an adder's poison
             ... on level 2 of the Dungeon.
             The game lasted 00:04:50 (831 turns).

GigaChad the Skirmisher (Palentonga Fighter)         Turns: 831, Time: 00:04:51

Health: -1/31      AC:  6    Str: 19    XL:     3   Next: 12%
Magic:  3/3        EV:  7    Int:  8    God:    Lugonu [**....]
Gold:   21         SH:  4    Dex: 11    Spells: 2/2 levels left

rFire   . . .      SeeInvis +   a - +0 long sword
rCold   . . .      Faith    .   c - +0 buckler
rNeg    . . .      Spirit   .   b - +0 scale mail
rPois   .          Reflect  .   (no helmet)
rElec   .          Harm     .   (no cloak)
rCorr   .          Rampage  .   (no gloves)
Will    .....                   (no barding)
Stlth   ..........              (no amulet)
HPRegen 0.10/turn               (no ring)
MPRegen 0.08/turn               (no ring)

@: lethally poisoned (-1 -> -10)
A: large, rugged brown scales 3, see invisible, deformed body, roll 1, armoured
tail
a: Rolling Charge, Renounce Religion, Depart the Abyss, Bend Space


You were on level 2 of the Dungeon.
You worshipped Lugonu.
Lugonu was pleased with you.
You visited 1 branch of the dungeon, and saw 2 of its levels.

You collected 21 gold pieces.

Inventory:

Hand Weapons
 a - a +0 long sword (weapon)
Missiles
 e - a throwing net
Armour
 b - a +0 scale mail (worn)
 c - a +0 buckler (worn)
Jewellery
 k - a ring of poison resistance
Scrolls
 f - a scroll of teleportation
 g - a scroll of silence
Potions
 d - a potion of might
 h - a potion of lignification {unknown}
 i - a potion of curing {unknown}
 j - a potion of flight {unknown}
 l - a potion of ambrosia {unknown}


   Skills:
 + Level 3.4 Fighting
 + Level 2.5 Long Blades
 + Level 2.7 Armour
 + Level 2.6 Shields


You had 2 spell levels left.
You didn't know any spells.
Your spell library was empty.

Dungeon Overview and Level Annotations

Branches:
Dungeon (2/15)

Altars:
Lugonu


Innate Abilities, Weirdness & Mutations

You are completely covered in rugged brown scales. (AC +3, +7% HP)
You have supernaturally acute eyesight. (SInv)
Armour fits poorly on your strangely shaped body.
You can roll at nearby foes to attack.
You have a long armoured tail.


Message History

The adder is moderately wounded.
You feel sick. You block the endoplasm's attack.
The adder bites you but does no damage. x2; The endoplasm barely misses you.
You hit the adder but do no damage.
The adder is moderately wounded.
You feel sick.
You are no longer poisoned.
The adder barely misses you. The endoplasm closely misses you.
You closely miss the adder.
The adder is moderately wounded.
The adder completely misses you.
The endoplasm hits you but does no damage.
You block the adder's attack.
You miss the adder.
Your tail-slap misses the adder.
The adder is moderately wounded.
The adder barely misses you.
The endoplasm hits you but does no damage.
The adder barely misses you.
You hit the adder.
The adder is heavily wounded.
The endoplasm barely misses you. The adder barely misses you.
The endoplasm freezes you.
You are frozen.
You miss the adder.
Your tail-slap misses the adder.
The adder is heavily wounded.
The adder bites you.
You are poisoned.
The adder poisons you! You block the endoplasm's attack. The adder bites you.
* * * LOW HITPOINT WARNING * * *
You closely miss the adder.
The adder is heavily wounded.
You feel sick. The adder bites you but does no damage. The endoplasm hits you.
* * * LOW HITPOINT WARNING * * *
The adder bites you.
* * * LOW HITPOINT WARNING * * *
You are more poisoned.
The adder poisons you!
You barely miss the adder.
The adder is heavily wounded.
You die...

####### .......
....... .......
##.......
##.J......
#.@S......
#<#.......
##########.#.......
#..........#.......
#..........#####...
#..........# .#
#..........# #
#..........#
#..........#


You could see an adder and an endoplasm.

Vanquished Creatures
  2 dart slugs
  4 endoplasms (D:1)
  2 giant cockroaches
  2 goblins (D:1)
  3 hobgoblins
  2 quokkas
  4 ball pythons (D:1)
  2 bats (D:1)
  2 frilled lizards
  A kobold (D:1)
  3 rats (D:1)
27 creatures vanquished.

Notes
Turn   | Place    | Note
-------+----------+-------------------------------------------
     0 | D:1      | GigaChad the Palentonga Fighter began the quest for the
                  | Orb.
     0 | D:1      | Reached XP level 1. HP: 19/19 MP: 1/1
   179 | D:1      | Reached XP level 2. HP: 14/25 MP: 2/2
   265 | D:1      | Found a faded altar of an unknown god.
   269 | D:1      | Prayed at the altar of an unknown god.
   269 | D:1      | Became a worshipper of Lugonu the Unformed
   269 | D:1      | Reached * piety under Lugonu
   269 | D:1      | Reached ** piety under Lugonu
   756 | D:2      | Reached XP level 3. HP: 31/31 MP: 3/3
   831 | D:2      | Succumbed to an adder's poison

Illustrated notes

Levels and vault maps discovered:
D:1:      shiori_arrival_maze, layout_basic,
          shapermc_ecumenical_altar_mp_vishouse
D:2:      layout_rooms

Action                   || total
-------------------------++-------
Melee: Long sword        ||    66
       Tailslap          ||     8
  Use: Scroll            ||     4
Armor: Scale mail        ||    29
Dodge: Dodged            ||    38
Block: Buckler           ||    16
